 Dungeon Crawl Stone Soup version 0.31-a0-1072-g202bf7ea07 (webtiles) character file.

Game seed: 12443948401079843399

126711 Spear the Peltast (level 17, 0/156 HPs)
             Began as a Formicid Fighter on Nov 26, 2023.
             Was a High Priest of Jiyva.
             Slain by a naga mage
             ... wielding a +0 club
              (1 damage)
             ... on level 2 of the Snake Pit.
             The game lasted 00:42:56 (28844 turns).

Spear the Peltast (Formicid Fighter)               Turns: 28844, Time: 00:42:58

Health: 0/156      AC: 26    Str: 29    XL:     17   Next: 54%
Magic:  17/17      EV: 22    Int: 10    God:    Jiyva [*****.]
Gold:   2745       SH: 22    Dex: 19    Spells: 16/16 levels left

rFire   . . .        H - +8 quarterstaff (protect)
rCold   . . .        c - +0 buckler
rNeg    . . .        S - +8 ring mail of Xuemm {Int+2}
rPois   .            (helmet unavailable)
rElec   .            J - +0 cloak
rCorr   +            (no gloves)
SInv    +            s - +1 pair of boots
Will    +....        P - amulet of reflection
Stlth   +            D - +6 ring of dexterity
HPRegen 1.90/turn    E - +5 ring of evasion
MPRegen 0.60/turn

%: reflection
@: lethally poisoned (0 -> -13), under a protective aura, invisible
A: permanent stasis, dig shafts and tunnels, antennae 3, four strong arms,
talons 1, large bone plates 3, robust 1, wild magic 3
a: Dig, Shaft Self, Renounce Religion, Oozemancy, Slimify


You were on level 2 of the Snake Pit.
You worshipped Jiyva.
Jiyva was extremely pleased with you.
You visited 4 branches of the dungeon, and saw 24 of its levels.

You collected 3423 gold pieces.
You spent 678 gold pieces at shops.


Innate Abilities, Weirdness & Mutations

You cannot be hasted, slowed, berserked, paralysed or teleported.
You can dig through walls and to a lower floor.
You have a pair of large antennae on your head. (SInv)
Your four strong arms can wield two-handed weapons with a shield.
You have sharp toenails.
You are completely covered in large bone plates. (SH +8)
You are robust. (+10% HP)
Your spells are much harder to cast, but much more powerful.


   Skills:
 + Level 15.6 Fighting
 + Level 17.2 Staves
 + Level 12.0 Armour
 + Level 10.0 Dodging
 + Level 18.9 Shields


You had 16 spell levels left.
You didn't know any spells.
Your spell library contained the following spells:

 Spells                   Type           Power      Damage    Failure   Level
 Magic Dart               Conj           0%         1d3       71%         1
 Sandblast                Erth           0%         2d4       71%         1
 Slow                     Hex            0%         N/A       71%         1
 Sting                    Tmut/Pois      0%         1d3       71%         1
 Summon Small Mammal      Summ           0%         N/A       71%         1
 Passwall                 Tmut/Erth      0%         N/A       83%         2
 Poisonous Vapours        Pois/Air       0%         N/A       83%         2
 Searing Ray              Conj           0%         2d4       83%         2
 Static Discharge         Conj/Air       0%         3-3/arc   83%         2
 Call Canine Familiar     Summ           0%         N/A       95%         3
 Confusing Touch          Hex            0%         N/A       95%         3
 Dazzling Flash           Conj/Hex       0%         N/A       95%         3
 Sigil of Binding         Hex            0%         N/A       95%         3
 Stone Arrow              Conj/Erth      0%         3d7       95%         3
 Summon Guardian Golem    Hex/Summ       0%         N/A       95%         3
 Tukima's Dance           Hex            0%         N/A       95%         3
 Vampiric Draining        Necr           0%         2d6       95%         3
 Airstrike                Air            0%         2d(0-16)  100%        4
 Animate Armour           Summ/Erth      0%         N/A       100%        4
 Brom's Barrelling Bould  Conj/Erth      0%         2d3       100%        4
 Cause Fear               Hex            0%         N/A       100%        4
 Fulminant Prism          Conj/Hex       0%         3d5       100%        4
 Olgreb's Toxic Radiance  Pois           0%         N/A       100%        4
 Passage of Golubria      Tloc           0%         N/A       100%        4
 Summon Lightning Spire   Summ/Air       0%         N/A       100%        4
 Agony                    Necr           0%         N/A       100%        5
 Fireball                 Conj/Fire      0%         3d3       100%        5
 Iskenderun's Battlesphe  Conj           0%         2d6       100%        5
 Lee's Rapid Deconstruct  Erth           0%         3d4*      100%        5
 Silence                  Hex/Air        0%         N/A       100%        5
 Yara's Violent Unravell  Hex/Tmut       0%         3d3       100%        5
 Conjure Ball Lightning   Conj/Air       0%         3x3d6     100%        6
 Haunt                    Necr/Summ      0%         N/A       100%        7
 Orb of Destruction       Conj           0%         9d5       100%        7
 Borgnjor's Revivificati  Necr           0%         N/A       100%        8
 Lehudib's Crystal Spear  Conj/Erth      0%         10d2      100%        8
 Death's Door             Necr           0%         N/A       100%        9
 Dragon's Call            Summ           0%         N/A       100%        9

Inventory:

Hand Weapons
 H - a +8 quarterstaff of protection (weapon)
Missiles
 q - 4 throwing nets {=f}
Armour
 c - a +0 buckler (worn)
 s - a +1 pair of boots (worn)
 u - +0 fire dragon scales
 J - a +0 cloak (worn)
 S - the +8 ring mail of Xuemm (worn) {Int+2}
   (You found it on level 7 of the Dungeon)

   Int+2:     It affects your intelligence (+2).
Magical Staves
 g - a staff of fire {!a}
 w - a staff of conjuration {!a}
 M - a staff of air {!a}
Jewellery
 d - a +6 ring of dexterity
 f - a ring of protection from fire
 D - a +6 ring of dexterity (left hand)
 E - a +5 ring of evasion (right hand)
 L - a ring of flight
 N - an amulet of regeneration
 P - an amulet of reflection (around neck)
Wands
 b - a wand of roots (15)
 n - a wand of polymorph (3)
 z - a wand of charming (5)
 K - a wand of flame (50)
 Y - a wand of mindburst (6)
Scrolls
 a - 2 scrolls of amnesia
 j - a scroll of torment
 r - 6 scrolls of poison
 t - 8 scrolls of fog
 v - a scroll of revelation
 y - 5 scrolls of enchant armour
 U - 2 scrolls of vulnerability
 V - 6 scrolls of immolation
 X - 6 scrolls of identify {@r1}
 Z - 2 scrolls of fear
Potions
 h - 4 potions of mutation
 k - 2 potions of degeneration {unknown}
 m - 8 potions of curing {@q1}
 x - 5 potions of enlightenment
 A - 2 potions of ambrosia {unknown}
 B - a potion of might
 C - 6 potions of lignification
 G - 3 potions of resistance {unknown}
 Q - 3 potions of brilliance {unknown}
 R - a potion of invisibility
 W - 3 potions of cancellation {unknown}
Miscellaneous
 e - a lightning rod (4/4)
 l - a condenser vane
 T - a box of beasts

Dungeon Overview and Level Annotations

Branches:
Dungeon (15/15)            Temple (0/1) D:6            Lair (5/5) D:10
 Shoals (0/4) Lair:2        Snake (2/4) Lair:3        Slime (0/5) Lair:4
    Orc (2/2) D:9             Elf (0/3) Orc:2        Vaults (0/5) D:13
 Depths (0/4) D:15

Altars:
Ashenzari
Elyvilon
Makhleb
Nemelex Xobeh
Sif Muna
Wu Jian
Xom
Yredelemnul
The Shining One
Jiyva

Shops:
D:5 [   D:9 :   D:13 **   Orc:1 [   Orc:2 *:?(   Snake:1 ?

Annotations:
D:9 2 transporters, Silenceoftheyaks's ghost, novice DsSh

#..N..# #. .. #.NN..#
#.## .. #.....# #...
.# #.N...# ######..#
.###N....#
#.#.....####. #...#..#
#........#.###..####.#
##........#N##..## #..
#.........N@#).## ...
#.......###)..# ##. ..
##......# ###.#
##.....# #....### #..#
#......# ####.#
##..##......### #.##
#.........#.#. #..###
#..#.....#..#. #....#
##......##... #####
#.#### #.....##....


You could see a naga warrior (strong, poisoned, catching breath) and a naga mage
(fast, strong, poisoned).


Message History

The naga warrior is almost dead.
You feel sick. The naga mage spits poison at you.
You block the splash of poison... and reflect it back!
The splash of poison hits the naga mage.
The naga mage is poisoned.
The naga warrior hits you with a +0 hand axe!
* * * LOW HITPOINT WARNING * * *
The naga warrior constricts you.
* * * LOW HITPOINT WARNING * * *
You feel better.
The naga mage points at you and mumbles some strange words.
The bolt of poison hits you but does no damage.
You are poisoned.
The naga warrior spits poison at you.
The splash of poison hits you but does no damage.
You are more poisoned.
You block the naga warrior's attack. The naga warrior constricts you.
The naga mage gestures at you while chanting.
The bolt of poison hits you.
You are more poisoned.
* * * LOW HITPOINT WARNING * * *
You bludgeon the naga warrior!!
You kill the naga warrior!
* * * LOW HITPOINT WARNING * * *
You feel very sick.
The naga warrior hits you with a +0 battleaxe!
* * * LOW HITPOINT WARNING * * *
You block the naga warrior's attack. The naga mage hits you with a +0 club.
You die...

Skill      XL: |  1  2  3  4  5  6  7  8  9 10 11 12 13 14 15 16 17 |
---------------+----------------------------------------------------+-----
Staves         | 3 4 6 7 9 10 12 14 15 16 17 | 17.2
Armour         | 4 5 6 7 8 9 10 11 12 | 12.0
Fighting       | 4 5 6 7 9 10 12 13 14 15 | 15.6
Shields        | 5 6 7 8 9 12 14 15 17 18 | 18.9
Dodging        | 1 2 3 4 5 7 8 9 10 | 10.0

Action                     |  1- 3 |  4- 6 |  7- 9 | 10-12 | 13-15 | 16-18 || total
---------------------------+-------+-------+-------+-------+-------+-------++-------
  Melee: Quarterstaff      |    53 |    89 |   348 |   736 |  1350 |  1156 ||  3732
Ability: Dig               |       |     1 |       |    16 |     1 |     2 ||    20
  Evoke: Box of beasts     |       |       |       |       |     1 |       ||     1
    Use: Potion            |       |     1 |     1 |     1 |     7 |     8 ||    18
         Scroll            |       |       |       |    22 |     8 |       ||    30
   Stab: Distracted        |       |       |       |     4 |     4 |       ||     8
         Invisible         |       |       |       |       |    13 |       ||    13
 Armour: Scale mail        |    21 |       |       |       |       |       ||    21
         Plate armour      |    11 |    47 |   237 |   113 |       |       ||   408
         Ring mail         |       |       |       |   230 |   547 |   334 ||  1111
  Dodge: Dodged            |    23 |    24 |    94 |   261 |   574 |   557 ||  1533
  Block: Buckler           |    22 |    22 |    77 |   166 |   668 |   940 ||  1895
         Reflection        |       |       |       |     1 |    52 |    27 ||    80

Levels and vault maps discovered:
D:1:      erik_arrival_triangle_small, layout_basic
D:2:      layout_basic, kennysheep_generic_room_15, uniq_terence
D:3:      layout_loops_ring, nicolae_concentric_dashed_squares_wild
D:4:      layout_loops_corners, lemuel_mausoleum_altar_yredelemnul,
          grunt_temple_overflow_open, ebering_ghost_rock_garden
D:5:      layout_loops_ring, kennysheep_mini, serial_shops, shop,
          cheibrodos_gnoll_hut
D:6:      layout_loops_ring, lemuel_round_altar, temple_hall, uniq_eustachio
D:7:      layout_loops_cross, mainiacjoe_overflow_six_doors_small,
          mainiacjoe_overflow_small_starburst, grunt_ministairs_13,
          minmay_door_square, uniq_duvessa
D:8:      layout_loops_ring, makhleb_grotto_becter, serial_co_window_serial,
          co_window_corner_a, co_window_paths_a, co_window_corner_a,
          co_window_paths_b, co_window_paths_b, co_window_paths_a,
          co_window_of_opportunity_c, co_window_unsneaky_path_a,
          co_window_of_opportunity_b, co_window_of_opportunity_c,
          co_window_broadway_a, co_window_4corner_a, co_window_4corner_b,
          uniq_maggie, uniq_joseph, uniq_maurice
D:9:      hellmonk_ruined_rings, layout_stronghold, hiddenorc2_lemuel,
          serial_shops, nicolae_diamond_shop, gammafunk_ghost_berserking_beasts,
          nicolae_beast_mode
D:10:     layout_stronghold, erik_lair_dragon, uniq_lodul, uniq_nergalle,
          uniq_erica
D:11:     layout_basic, serial_ice, serial_ice_e, serial_ice_k, serial_ice_o,
          serial_ice_g, serial_ice_h, serial_ice_f, portal_ice_cave_entry_imps,
          uniq_psyche
D:12:     layout_big_octagon, serial_ice, serial_ice_h, serial_ice_l,
          serial_ice_b, serial_ice_c, serial_ice_n, serial_ice_m, serial_ice_d,
          serial_ice_a, serial_ice_g, serial_library_hellmonk_room_c
D:13:     layout_irregular_city, hellmonk_vaults_order_and_chaos, serial_shops,
          nicolae_shop_overgrown_old_shop, shop, minmay_misc_feat_room,
          uniq_nessos
D:14:     layout_roguey, chequers_garden, minmay_fractal_squares_gapless_5
D:15:     hangedman_depths_entry_civil_slaughter, layout_loops_ring,
          grunt_decor_cap, nicolae_titane
Lair:1:   layout_misc_corridors, ebering_ghost_funeral_grove
Lair:2:   layout_regular_city, elwin_shoals_entry_stream, grunt_megastairs_1,
          uniq_urug
Lair:3:   layout_gridlike, minmay_snake_entry_guardpost_medium, worms_lemuel,
          lemuel_fruit_tree, grunt_megastairs_2, serial_bayou_shore_b,
          infiniplex_staircase_pool_2
Lair:4:   layout_regular_city, minmay_slime_entry_jelly_boxes,
          gammafunk_ghost_icy, basic_altar, grunt_megastairs_4
Lair:5:   hangedman_lair_tendril_chambers, layout_gridlike,
          hangedman_lair_caniforms_friends, nicolae_lair_run_with_the_wolves
Snake:1:  nrook_guardian_serpent_snake_passage, layout_rooms, serial_shops,
          nicolae_shop_advertising_works [nicolae_subvault_shop_adworks]
Snake:2:  nicolae_cobra_stairs, layout_chambers, st_stairs_5
Orc:1:    layout_caves, serial_shops, nicolae_shop_crystal
Orc:2:    st_orc_open, layout_caves, gammafunk_ghost_smash, basic_altar

Notes
Turn   | Place    | Note
-------+----------+-------------------------------------------
     0 | D:1      | Spear the Formicid Fighter began the quest for the Orb.
     0 | D:1      | Reached XP level 1. HP: 18/18 MP: 1/1
   116 | D:1      | Reached XP level 2. HP: 18/24 MP: 2/2
   332 | D:1      | Reached XP level 3. HP: 29/29 MP: 3/3
   611 | D:2      | Noticed Terence
   619 | D:2      | Killed Terence
   620 | D:2      | Reached XP level 4. HP: 37/37 MP: 4/4
   827 | D:2      | Reached skill level 3 in Staves
  1517 | D:3      | Reached XP level 5. HP: 42/42 MP: 5/5
  1527 | D:3      | Reached skill level 4 in Armour
  2269 | D:4      | Reached skill level 4 in Staves
  2269 | D:4      | Reached XP level 6. HP: 36/48 MP: 6/6
  2598 | D:4      | Found a glowing golden altar of the Shining One.
  2598 | D:4      | Found a broken altar of Ashenzari.
  2620 | D:4      | Found a runed translucent gate.
  2621 | D:4      | Found a runed translucent gate.
  2622 | D:4      | Found a runed translucent gate.
  2622 | D:4      | Noticed a yak
  2623 | D:4      | Noticed kskgo's ghost (amateur DjFE)
  2628 | D:4      | Noticed a yak
  2628 | D:4      | Noticed a yak
  2631 | D:4      | Noticed a yak
  2636 | D:4      | Killed a yak
  2637 | D:4      | Reached skill level 4 in Fighting
  2637 | D:4      | Reached skill level 5 in Armour
  2637 | D:4      | Reached XP level 7. HP: 46/54 MP: 7/7
  2645 | D:4      | Killed a yak
  2646 | D:4      | Reached skill level 5 in Staves
  2650 | D:4      | Killed a yak
  2651 | D:4      | Reached skill level 6 in Armour
  2655 | D:4      | Killed a yak
  2656 | D:4      | Reached skill level 6 in Staves
  2656 | D:4      | Reached XP level 8. HP: 38/61 MP: 8/8
  2857 | D:4      | Found a basalt altar of Yredelemnul.
  2888 | D:4      | Reached skill level 5 in Shields
  2905 | D:4      | Reached skill level 7 in Staves
  2937 | D:4      | Reached skill level 5 in Fighting
  3299 | D:4      | Reached skill level 7 in Armour
  3595 | D:4      | Killed kskgo's ghost
  3596 | D:4      | Reached XP level 9. HP: 40/68 MP: 9/9
  3787 | D:5      | Entered Level 5 of the Dungeon
  3833 | D:5      | Reached skill level 8 in Staves
  4005 | D:5      | Found Facimeek's Armour Shop.
  4623 | D:5      | Found an ornate altar of the Wu Jian Council.
  4860 | D:6      | Found a white marble altar of Elyvilon.
  4969 | D:6      | Reached skill level 6 in Fighting
  5027 | D:6      | Reached skill level 9 in Staves
  5034 | D:6      | Reached skill level 8 in Armour
  5172 | D:6      | Reached skill level 6 in Shields
  5410 | D:6      | Noticed a troll
  5428 | D:6      | HP: 6/69 [troll (9)]
  5429 | D:6      | Killed a troll
  5430 | D:6      | Reached skill level 1 in Dodging
  5442 | D:6      | Noticed Eustachio
  5460 | D:6      | Killed Eustachio
  5461 | D:6      | Reached XP level 10. HP: 14/76 MP: 10/10
  5663 | D:6      | Found a staircase to the Ecumenical Temple.
  6448 | D:7      | Reached skill level 7 in Fighting
  6492 | D:7      | Reached skill level 9 in Armour
  6544 | D:7      | Reached skill level 10 in Staves
  6764 | D:7      | Found a sparkling altar of Nemelex Xobeh.
  6779 | D:7      | Noticed Dowan
  6783 | D:7      | Noticed Duvessa
  6803 | D:7      | Killed Duvessa
  6816 | D:7      | Killed Dowan
  7334 | D:7      | Found a shimmering blue altar of Sif Muna.
  7338 | D:7      | Identified the +8 ring mail of Xuemm {Int+2}
  8170 | D:8      | Noticed Maggie
  8208 | D:8      | Killed Maggie
  8209 | D:8      | Reached skill level 2 in Dodging
  8209 | D:8      | Reached skill level 7 in Shields
  8209 | D:8      | Reached XP level 11. HP: 56/86 MP: 11/11
  8329 | D:8      | Noticed Joseph
  8389 | D:8      | Reached skill level 11 in Staves
  8861 | D:8      | Killed Joseph
  8862 | D:8      | Reached skill level 8 in Fighting
  8986 | D:8      | Noticed Maurice
  8992 | D:8      | Killed Maurice
  9150 | D:8      | Found a burning altar of Makhleb.
  9558 | D:9      | Noticed a juvenile batox beast
  9571 | D:9      | Killed a juvenile batox beast
  9948 | D:9      | Found a transporter.
 10255 | D:9      | Found a staircase to the Orcish Mines.
 10299 | D:9      | Reached skill level 12 in Staves
 10535 | D:9      | Found Beoph's Book Boutique.
 10643 | D:9      | Found a transporter.
 10645 | D:9      | Noticed Silenceoftheyaks's ghost (novice DsSh)
 10663 | D:9      | Noticed a moth of wrath
 10875 | D:10     | Entered Level 10 of the Dungeon
 10913 | D:10     | Noticed Nergalle
 10921 | D:10     | Killed Nergalle
 10922 | D:10     | Reached skill level 9 in Fighting
 10922 | D:10     | Reached skill level 3 in Dodging
 10922 | D:10     | Reached skill level 8 in Shields
 11052 | D:10     | Noticed Lodul
 11074 | D:10     | Killed Lodul
 11253 | D:10     | Noticed Erica
 11264 | D:10     | Killed Erica
 11265 | D:10     | Reached XP level 12. HP: 63/95 MP: 12/12
 11699 | D:10     | Found a staircase to the Lair.
 11704 | D:10     | Reached skill level 13 in Staves
 12103 | D:10     | Noticed a two-headed ogre
 12110 | D:10     | Killed a two-headed ogre
 12111 | D:10     | Reached skill level 10 in Armour
 12133 | D:10     | Noticed a two-headed ogre
 12137 | D:10     | Killed a two-headed ogre
 12698 | D:11     | Noticed a two-headed ogre
 12721 | D:11     | Killed a two-headed ogre
 12722 | D:11     | Reached skill level 10 in Fighting
 12722 | D:11     | Reached skill level 4 in Dodging
 12722 | D:11     | Reached skill level 9 in Shields
 12883 | D:11     | Noticed a two-headed ogre
 12963 | D:11     | Killed a two-headed ogre
 12982 | D:11     | Reached skill level 14 in Staves
 13162 | D:11     | Noticed a boulder beetle
 13179 | D:11     | Killed a boulder beetle
 13180 | D:11     | Reached XP level 13. HP: 104/104 MP: 13/13
 13534 | D:11     | Noticed Psyche
 13577 | D:11     | Killed Psyche
 13913 | D:11     | Reached skill level 10 in Shields
 14195 | D:12     | Reached skill level 11 in Fighting
 14314 | D:12     | Reached skill level 5 in Dodging
 14337 | D:12     | Reached skill level 11 in Shields
 15098 | D:13     | Noticed a centaur warrior
 15102 | D:13     | Killed a centaur warrior
 15155 | D:13     | Noticed a centaur warrior
 15161 | D:13     | Killed a centaur warrior
 15464 | D:13     | Found Tyjiokh's Assorted Antiques.
 15484 | D:13     | Bought a scroll labelled TEPSIA HEWY for 24 gold pieces
 15521 | D:13     | Reached skill level 12 in Shields
 15558 | D:13     | Noticed Nessos
 15561 | D:13     | Noticed a centaur warrior
 15570 | D:13     | Killed a centaur warrior
 15571 | D:13     | Killed Nessos
 15759 | D:13     | Found Coarghye's General Store.
 15763 | D:13     | Bought a scroll of acquirement for 572 gold pieces
 15763 | D:13     | Bought a scroll of enchant weapon for 82 gold pieces
 15766 | D:13     | Acquired 412 gold pieces
 15901 | D:13     | Reached skill level 12 in Fighting
 15960 | D:13     | Noticed an entropy weaver
 15961 | D:13     | Noticed a vault guard
 15997 | D:13     | Killed a vault guard
 15998 | D:13     | Reached XP level 14. HP: 75/115 MP: 14/14
 16196 | D:13     | Found a gate to the Vaults.
 16290 | D:13     | Reached skill level 6 in Dodging
 16689 | D:14     | Reached skill level 15 in Staves
 17042 | D:14     | Reached skill level 13 in Shields
 17395 | D:14     | Reached skill level 11 in Armour
 17840 | D:15     | Entered Level 15 of the Dungeon
 18017 | D:15     | Noticed a stone giant
 18030 | D:15     | Killed a stone giant
 18042 | D:15     | Reached skill level 7 in Dodging
 18197 | D:15     | Reached skill level 13 in Fighting
 18289 | D:15     | Reached skill level 14 in Shields
 18690 | D:15     | Reached XP level 15. HP: 111/123 MP: 15/15
 18736 | D:15     | Found a staircase to the Depths.
 19594 | Lair:1   | Entered Level 1 of the Lair of Beasts
 19824 | Lair:1   | Found a runed translucent door.
 19836 | Lair:1   | Noticed Turbonekonecno's ghost (journeyman SpEn)
 19839 | Lair:1   | Identified the +12 spear of Mizoll {spect, Int+3}
 20294 | Lair:1   | Killed Turbonekonecno's ghost
 20589 | Lair:2   | Noticed Urug
 20608 | Lair:2   | Killed Urug
 20737 | Lair:2   | Found a staircase to the Shoals.
 20752 | Lair:2   | Reached skill level 16 in Staves
 21178 | Lair:2   | Reached skill level 8 in Dodging
 21178 | Lair:2   | Reached skill level 15 in Shields
 21611 | Lair:3   | Reached skill level 14 in Fighting
 21900 | Lair:3   | Found a staircase to the Snake Pit.
 22204 | Lair:3   | Identified the +5 scale mail "Caesemyk" {Dex+3}
 22515 | Lair:4   | Found an ornate altar of the Wu Jian Council.
 22761 | Lair:4   | Found a staircase to the Slime Pits.
 22761 | Lair:4   | Found a viscous altar of Jiyva.
 22920 | Lair:4   | Became a worshipper of Jiyva Jostep the Shapeless
 23130 | Lair:4   | Noticed Plog's ghost (journeyman DsGl)
 23221 | Lair:4   | Found a runed translucent gate.
 23246 | Lair:4   | Found a runed translucent gate.
 23246 | Lair:4   | Found a runed translucent gate.
 23545 | Lair:4   | Reached * piety under Jiyva
 23982 | Lair:4   | Killed Plog's ghost
 23983 | Lair:4   | Reached XP level 16. HP: 132/134 MP: 16/16
 24210 | Lair:4   | Identified the scarf "Murawn" {shadows, rC+}
 24251 | Lair:5   | Entered Level 5 of the Lair of Beasts
 24275 | Lair:5   | Reached skill level 16 in Shields
 24469 | Lair:5   | Reached ** piety under Jiyva
 25264 | Lair:5   | Reached *** piety under Jiyva
 25360 | Lair:5   | Reached skill level 9 in Dodging
 25482 | Lair:5   | Reached skill level 17 in Shields
 25530 | Lair:5   | Gained mutation: You are partially covered in large bone
                  | plates. (SH +4) [Jiyva's grace]
 25530 | Lair:5   | Gained mutation: You are mostly covered in large bone
                  | plates. (SH +6) [Jiyva's grace]
 25530 | Lair:5   | Gained mutation: You are completely covered in large bone
                  | plates. (SH +8) [Jiyva's grace]
 25530 | Lair:5   | Gained mutation: You have sharp toenails. [Jiyva's grace]
 25574 | Lair:5   | Reached skill level 15 in Fighting
 26204 | Orc:1    | Entered Level 1 of the Orcish Mines
 26271 | Orc:1    | Found Joez Lurch's Armour Emporium.
 26430 | Orc:2    | Entered Level 2 of the Orcish Mines
 26479 | Orc:2    | Reached **** piety under Jiyva
 26699 | Orc:2    | Found a staircase to the Elven Halls.
 26983 | Orc:2    | Reached XP level 17. HP: 111/142 MP: 17/17
 27000 | Orc:2    | Found Punuehof's General Store.
 27016 | Orc:2    | Found Luuvvyrgh's Book Emporium.
 27022 | Orc:2    | Reached skill level 17 in Staves
 27022 | Orc:2    | Found Ylil's Magic Scroll Boutique.
 27023 | Orc:2    | Found Zotim's Antique Weapon Boutique.
 27033 | Orc:2    | Found a transporter.
 27093 | Orc:2    | Found a transporter.
 27138 | Orc:2    | Noticed nitefall's ghost (journeyman MiFi)
 27267 | Orc:2    | Found a shimmering altar of Xom.
 27557 | Orc:2    | Reached skill level 18 in Shields
 27578 | Orc:2    | Killed nitefall's ghost
 27895 | Snake:1  | Entered Level 1 of the Snake Pit
 28010 | Snake:1  | Reached ***** piety under Jiyva
 28122 | Snake:1  | Reached skill level 12 in Armour
 28170 | Snake:1  | Gained mutation: Your spells are a little harder to cast,
                  | but a little more powerful. [Jiyva's grace]
 28170 | Snake:1  | Gained mutation: Your spells are harder to cast, but more
                  | powerful. [Jiyva's grace]
 28170 | Snake:1  | Gained mutation: Your spells are much harder to cast, but
                  | much more powerful. [Jiyva's grace]
 28170 | Snake:1  | Gained mutation: You are robust. (+10% HP) [Jiyva's grace]
 28170 | Snake:1  | Found Noarub's Magic Scroll Shop.
 28801 | Snake:2  | Reached skill level 10 in Dodging
 28842 | Snake:2  | HP: 13/156 [constriction (3)]
 28844 | Snake:2  | HP: 1/156 [naga warrior/+0 battleaxe (12)]
 28844 | Snake:2  | Slain by a naga mage

Vanquished Creatures
  A stone giant (D:15)
  Nessos (D:13)
  The ghost of Plog the Carver, a journeyman DsGl of Okawaru (Lair:4)
  An entropy weaver (D:13)
  A fire dragon (D:14)
  The ghost of nitefall the Protected, a journeyman MiFi of Ashenzari (Orc:2)
  A vault guard (D:13)
  7 hydras
  5 anacondas (Snake:1)
  3 ogre magi
  A catoblepas (D:15)
  4 centaur warriors
  An alligator (Lair:5)
  3 boulder beetles
  Erica (D:10)
  A tengu warrior (D:13)
  6 naga warriors
  Urug (Lair:2)
  22 two-headed ogres
  A deep elf knight (D:15)
  The ghost of Turbonekonecno the Covert, a journeyman SpEn of Fedhas (Lair:1)
  A naga sharpshooter (Snake:2)
  Nergalle (D:10)
  3 skeletal warriors (D:15)
  4 mutant beasts (D:9)
  Lodul (D:10)
  3 deep trolls
  2 necromancers (D:15)
  A deep elf archer (D:15)
  A deep elf pyromancer (D:14)
  3 orc knights (D:15)
  An oklob plant (Lair:5)
  4 mana vipers
  A wolf spider (Lair:5)
  9 cyclopes
  2 deep elf zephyrmancers (D:15)
  4 ugly things
  Maurice (D:8)
  A salamander (shapeshifter) (D:15)
  2 salamanders (Snake:1)
  A manticore (shapeshifter) (D:15)
  3 manticores
  9 elephants
  A merfolk siren (Lair:2)
  Joseph (D:8)
  7 naga magi
  3 guardian serpents
  13 black mambas
  14 cane toads
  2 gargoyles
  5 rime drakes
  Psyche (D:11)
  2 unseen horrors
  An efreet (D:14)
  Maggie (D:8)
  18 komodo dragons
  3 tengu conjurers
  14 polar bears
  16 trolls
  5 hornets
  3 merfolk (Lair:2)
  4 blink frogs (Lair:4)
  3 raiju (Lair:5)
  4 dream sheep (Lair:4)
  4 slime creatures (D:12)
  A water elemental (D:12)
  4 centaur simulacra
  43 yaks
  3 spriggans (Lair:1)
  8 wyverns
  3 vampires
  2 wraiths
  4 basilisks
  3 steam dragons
  A death yak simulacrum (Lair:4)
  Eustachio (D:6)
  5 vampire mosquitoes (D:14)
  2 redbacks (Lair:5)
  A swamp worm (Lair:3)
  The ghost of kskgo the Magician, an amateur DjFE (D:4)
  5 wargs
  14 nagas
  3 hydra simulacra (Lair:4)
  Duvessa (D:7)
  2 acid dragons
  14 hell hounds (Lair:5)
  19 orc warriors
  21 water moccasins
  2 meliai simulacra
  A sky beast (D:7)
  14 ice beasts
  15 black bears
  31 ogres
  51 wolves
  21 centaurs
  2 phantoms
  9 bullfrogs
  2 kobold brigands
  2 necrophages (D:4)
  A gnoll sergeant (D:7)
  5 scorpions
  Dowan (D:7)
  3 wights (D:4)
  A dream sheep simulacrum (Lair:4)
  8 killer bees
  3 electric eels (D:11)
  5 howler monkeys
  A crimson imp (D:8)
  2 centaur zombies (D:4)
  A komodo dragon simulacrum (Lair:4)
  7 orc priests
  A human zombie (D:4)
  2 gnoll boudas (D:6)
  8 hounds
  16 jellies
  2 sleepcaps
  17 orc wizards
  6 iguanas
  A scorpion zombie (D:4)
  6 hell rats (Lair:2)
  Terence (D:2)
  A mummy (D:4)
  9 adders
  18 gnolls
  A shadow imp (D:5)
  20 white imps
  7 ufetubi
  2 adder zombies (D:4)
  A worm (D:2)
  A dart slug (D:1)
  64 orcs
  6 ball pythons
  5 endoplasms
  4 giant cockroaches
  3 goblins
  4 hobgoblins
  11 kobolds
  A quokka (D:1)
  5 bats
  3 frilled lizards
  8 rats
830 creatures vanquished.

Vanquished Creatures (others)
  A centaur warrior (D:13)
  A hornet (D:9)
  16 jellies
  An orc priest (Orc:2)
  An orc wizard (D:7)
  An ufetubus (D:12)
  4 orcs (Orc:2)
25 creatures vanquished.

Grand Total: 855 creatures vanquished

Table legend: (Time is in decaauts)
 A = Elapsed time spent in this place.
 B = Non-inter-level travel time spent in this place.
 C = Inter-level travel time spent in this place.
 D = Time resting spent in this place.
 E = Time spent auto-exploring this place.
 F = Levels seen in this place.
 G = Mean time per level.
                   A        B        C        D        E       F      G
               +--------+--------+--------+--------+--------+-----+--------+
         Total |  27724 |  26241 |   1483 |   4573 |  16596 |  24 | 1155.2 |
       Dungeon |  19441 |  18464 |    977 |   3886 |  11456 |  15 | 1296.1 |
          Lair |   6061 |   5777 |    284 |    672 |   3741 |   5 | 1212.2 |
     Snake Pit |    836 |    827 |      9 |     13 |    527 |   2 |  418.0 |
  Orcish Mines |   1385 |   1174 |    211 |      2 |    872 |   2 |  692.5 |
               +--------+--------+--------+--------+--------+-----+--------+

Top non-repeatable levels by time:
     D:8: 1903 daAuts
    D:10: 1885 daAuts
     D:4: 1681 daAuts
  Lair:4: 1678 daAuts
    D:11: 1584 daAuts
     D:9: 1525 daAuts
  Lair:5: 1506 daAuts
    D:15: 1482 daAuts
     D:6: 1480 daAuts
    D:13: 1479 daAuts
     D:7: 1232 daAuts
    D:14: 1195 daAuts
  Lair:2: 1062 daAuts
   Orc:2: 1011 daAuts
  Lair:3: 934 daAuts

Table legend:
 A = Non-vault XP
 B = Vault XP
 C = Vault XP percentage of total XP
 D = Non-vault monster count
 E = Vault monster count
 F = Vault count percentage of total count
                 A         B        C        D         E       F
            +---------+---------+-------+---------+---------+-------
      Total |  102264 |   79398 |  43.7 |     483 |     351 |  42.1
            +---------+---------+-------+---------+---------+-------
        D:1 |      39 |       0 |   0.0 |      22 |       0 |   0.0
        D:2 |      42 |      47 |  52.8 |      11 |       3 |  21.4
        D:3 |      88 |       0 |   0.0 |       8 |       0 |   0.0
        D:4 |    1157 |     764 |  39.8 |      22 |      13 |  37.1
        D:5 |     803 |      97 |  10.8 |      14 |       3 |  17.6
        D:6 |    1107 |     185 |  14.3 |      27 |       1 |   3.6
        D:7 |    1858 |     340 |  15.5 |      22 |       8 |  26.7
        D:8 |    1515 |    1422 |  48.4 |      24 |       4 |  14.3
        D:9 |    1406 |    1827 |  56.5 |      13 |      36 |  73.5
       D:10 |    2337 |    4683 |  66.7 |      12 |      17 |  58.6
       D:11 |    7911 |    2919 |  27.0 |      29 |      33 |  53.2
       D:12 |    5655 |    1977 |  25.9 |      30 |      16 |  34.8
       D:13 |    9912 |    2823 |  22.2 |      27 |       3 |  10.0
       D:14 |    7832 |     839 |   9.7 |      17 |       1 |   5.6
       D:15 |   14898 |    3500 |  19.0 |      37 |       5 |  11.9
     Lair:1 |    4769 |    1792 |  27.3 |      22 |       5 |  18.5
     Lair:2 |    4902 |    3444 |  41.3 |      27 |       9 |  25.0
     Lair:3 |    4485 |    1704 |  27.5 |      17 |      12 |  41.4
     Lair:4 |    5449 |    4745 |  46.5 |      15 |      26 |  63.4
     Lair:5 |    8139 |   21328 |  72.4 |      23 |     103 |  81.7
    Snake:1 |   14333 |     899 |   5.9 |      28 |       2 |   6.7
    Snake:2 |    1916 |    4369 |  69.5 |       5 |       8 |  61.5
      Orc:1 |     887 |       0 |   0.0 |      18 |       0 |   0.0
      Orc:2 |     824 |   19694 |  96.0 |      13 |      43 |  76.8
            +---------+---------+-------+---------+---------+-------
